 Dungeon Crawl Stone Soup version 0.30-a0-341-g682706514a (webtiles) character file.

Game seed: 11304756098609071686

34577 billz999 the Brawler (level 13, -3/133 HPs)
             Began as a Troll Monk on Nov 4, 2022.
             Was a High Priest of Okawaru.
             Shot with an arrow by Nessos (19 damage)
             ... on level 5 of the Lair of Beasts.
             The game lasted 00:31:17 (15876 turns).

billz999 the Brawler (Troll Monk)                  Turns: 15876, Time: 00:31:19

Health: -3/133     AC:  8    Str: 28    XL:     13   Next: 42%
Magic:  18/18      EV: 11    Int:  6    God:    Okawaru [*****.]
Gold:   442        SH:  0    Dex: 24    Spells: 12/12 levels left

rFire   + . .      SeeInvis .      - Unarmed
rCold   . . .      Faith    .    (no shield)
rNeg    + + .      Spirit   .    O - +3 robe of the Falcon {-Tele rN++}
rPois   +          Reflect  .    (helmet restricted)
rElec   .          Harm     .    Q - +0 cloak {rPois}
rCorr   .          Rampage  .    (gloves unavailable)
Will    .....      NoTele   +    (boots unavailable)
Stlth   +++.......               z - amulet of magic regeneration
HPRegen 1.22/turn                P - ring of Wexteug {rF+ Str+2 Dex+6 Slay+2 Stlth+}
MPRegen 0.56/turn                e - +6 ring of dexterity

@: lethally poisoned (-3 -> -23), studying Necromancy, unable to read
A: large, unfitting armour, claws 3, regeneration 1, shaggy fur 1, tough skin 1,
inability to read after injury 1
a: Renounce Religion, Heroism, Finesse, Duel


You were on level 5 of the Lair of Beasts.
You worshipped Okawaru.
Okawaru was extremely pleased with you.
You visited 3 branches of the dungeon, and saw 15 of its levels.

You collected 1208 gold pieces.
You spent 766 gold pieces at shops.

Inventory:

Hand Weapons
 j - the +5 flail of the Muttering Saviour {freeze, rC+++ MP-9 Str+8 Stlth-}
   (Okawaru gifted it to you on level 1 of the Lair of Beasts)

   It freezes those it strikes, dealing additional cold damage.
   It can also slow down cold-blooded creatures.
   Str:       It affects your strength (+8).
   rC:        It renders you almost immune to cold.
   MP:        It affects your magic capacity (-9).
   Stlth:     It makes you less stealthy.
Missiles
 u - a throwing net
 x - an atropa-tipped dart (quivered)
 N - a javelin
Armour
 a - a +0 robe
 D - +0 steam dragon scales
 O - the +3 robe of the Falcon (worn) {-Tele rN++}
   (Okawaru gifted it to you on level 3 of the Lair of Beasts)

   rN:        It greatly protects you from negative energy.
   -Tele:     It prevents most forms of teleportation.
 Q - a +0 cloak of poison resistance (worn)
Jewellery
 c - a ring of see invisible
 e - a +6 ring of dexterity (right claw)
 q - the ring "Ihuil" {Contam rF+ rC+ AC+4 SInv}
   (You found it on level 4 of the Dungeon)

   [ring of protection]

   AC:        It affects your AC (+4).
   rF:        It protects you from fire.
   rC:        It protects you from cold.
   SInv:      It lets you see invisible.
   Contam:    It causes magical contamination when unequipped.
 z - an amulet of magic regeneration (around neck)
 B - a ring of positive energy
 F - a +6 ring of intelligence
 K - a +6 ring of strength
 M - a ring of willpower
 P - the ring of Wexteug (left claw) {rF+ Str+2 Dex+6 Slay+2 Stlth+}
   (You bought it in a shop on level 2 of the Dungeon)

   [ring of dexterity]

   Str:       It affects your strength (+2).
   Dex:       It affects your dexterity (+6).
   Slay:      It affects your accuracy & damage with ranged weapons and melee
   (+2).
   rF:        It protects you from fire.
   Stlth:     It makes you more stealthy.
 R - a ring of magical power
Wands
 g - a wand of mindburst (8)
 r - a wand of flame (6)
Scrolls
 d - 8 scrolls of teleportation
 f - 4 scrolls of brand weapon
 k - 2 scrolls of enchant weapon
 m - 3 scrolls of noise
 o - 2 scrolls of fog
 t - a scroll of poison
 v - 2 scrolls of vulnerability
 y - 3 scrolls of amnesia
 C - 2 scrolls of blinking
 H - a scroll of silence
 I - a scroll of enchant armour
Potions
 b - 3 potions of ambrosia
 h - 6 potions of curing
 i - a potion of magic
 l - 3 potions of haste
 n - 4 potions of degeneration
 s - 3 potions of might
 w - 2 potions of heal wounds
 E - 3 potions of lignification
 G - 3 potions of mutation
 J - a potion of attraction {unknown}


   Skills:
 + Level 10.0 Fighting
 + Level 9.2 Throwing
 - Level 2.4 Dodging
 - Level 1.0 Stealth
 - Level 18.1 Unarmed Combat
 - Level 8.7 Invocations


You had 12 spell levels left.
You didn't know any spells.
Your spell library contained the following spells:

 Spells                   Type           Power      Damage    Failure   Level
 Beastly Appendage        Tmut           0%         N/A       45%         1
 Magic Dart               Conj           0%         1d3       45%         1
 Searing Ray              Conj           0%         2d4       58%         2
 Wereblood                Tmut           0%         N/A       58%         2
 Dazzling Flash           Conj/Hex       0%         N/A       83%         3
 Frozen Ramparts          Ice            0%         1d1       83%         3
 Spider Form              Tmut/Pois      0%         N/A       83%         3
 Anguish                  Hex/Necr       0%         N/A       99%         4
 Fulminant Prism          Conj/Hex       0%         3d5       99%         4
 Ice Form                 Ice/Tmut       0%         N/A       99%         4
 Iskenderun's Mystic Bla  Conj/Tloc      0%         2d3       99%         4
 Borgnjor's Vile Clutch   Necr/Erth      0%         N/A       100%        5
 Freezing Cloud           Conj/Ice/Air   0%         6-21      100%        5
 Conjure Ball Lightning   Conj/Air       0%         3x3d6     100%        6
 Starburst                Conj/Fire      0%         6d3       100%        6
 Enfeeble                 Hex            0%         N/A       100%        7
 Orb of Destruction       Conj           0%         9d5       100%        7
 Storm Form               Tmut/Air       0%         N/A       100%        7
 Discord                  Hex            0%         N/A       100%        8
 Disjunction              Tloc           0%         N/A       100%        8
 Maxwell's Capacitive Co  Air            0%         ∞         100%        8
 Polar Vortex             Ice            0%         N/A       100%        9
 Summon Guardian Golem    Hex/Summ       Unusable   N/A       N/A         3
 Animate Dead             Necr           Unusable   N/A       N/A         4
 Summon Ice Beast         Ice/Summ       Unusable   N/A       N/A         4
 Summon Lightning Spire   Summ/Air       Unusable   N/A       N/A         4
 Death Channel            Necr           Unusable   N/A       N/A         6
 Simulacrum               Ice/Necr       Unusable   N/A       N/A         6
 Spellforged Servitor     Conj/Summ      Unusable   N/A       N/A         7

Dungeon Overview and Level Annotations

Branches:
Dungeon (9/15)             Temple (1/1) D:4            Lair (5/5) D:8
  Swamp (0/4) Lair:3       Spider (0/4) Lair:2        Slime (0/5) Lair:4
    Orc (0/2) D:9

Altars:
Ashenzari
Cheibriados
Dithmenos
Elyvilon
Fedhas
Gozag
Hepliaklqana
Kikubaaqudgha
Makhleb
Okawaru
Qazlal
Ru
Sif Muna
Trog
Uskayaw
Vehumet
Wu Jian
Xom
Yredelemnul
Zin
The Shining One
Jiyva

Shops:
D:2 *   D:7 ?

Annotations:
Lair:5 Nessos


Innate Abilities, Weirdness & Mutations

You are too large for most types of armour.
You have claws for hands.
Your natural rate of healing is unusually fast.
You are covered in fur. (AC +1)
You have tough skin. (AC +1)
You occasionally lose the ability to read scrolls when taking damage.


Message History

Press: ? - help, Shift-Dir - straight line, f/p - Nessos
Aim: Nessos, wielding a +1 longbow of flaming and wearing a +0 barding (heavily wounded, fast, chance to affect: 64%) Nessos's mind is blasted!
Nessos shoots an arrow.
The arrow hits you! The arrow burns you.
Nessos shoots an arrow.
The arrow hits you! The arrow burns you.
Okay, then.
Throw: 2 javelins
Press: ? - help, Shift-Dir - straight line, f/p - Nessos
Aim: Nessos, wielding a +1 longbow of flaming and wearing a +0 barding (severely wounded, fast, 80% to hit)
You throw a javelin. The javelin closely misses Nessos.
Nessos shoots an arrow.
The arrow hits you!! The arrow burns you.
Nessos shoots an arrow.
The arrow barely misses you.
That's the wrong kind of item! (Use * to select it.) Fire/throw/use which item? ([*] to toss any item) (? for menu, Esc to quit)
Okay, then.
Throw: large rock
Press: ? - help, Shift-Dir - straight line, f/p - Nessos
Aim: Nessos, wielding a +1 longbow of flaming and wearing a +0 barding (severely wounded, fast, 80% to hit)
You throw a large rock.
The large rock completely misses Nessos.
Nessos shoots an arrow.
The arrow hits you! The arrow burns you.
Nessos shoots an arrow.
The arrow hits you! The arrow burns you.
Nessos shoots an arrow.
The arrow hits you!!
You feel threatened and lose the ability to read scrolls!
* * * LOW HITPOINT WARNING * * *
The arrow burns you.
* * * LOW HITPOINT WARNING * * *
You feel much better.
Nessos shoots an arrow.
The arrow hits you!
* * * LOW HITPOINT WARNING * * *
The arrow burns you.
* * * LOW HITPOINT WARNING * * *
Nessos shoots an arrow.
The arrow barely misses you.
Nessos shoots an arrow.
The arrow hits you!
* * * LOW HITPOINT WARNING * * *
You are poisoned.
Nessos shoots an arrow.
The arrow hits you.
* * * LOW HITPOINT WARNING * * *
You are lethally poisoned!
Nessos shoots an arrow.
The arrow hits you!!
You die...

..... PS≈≈≈ ....♣♣~~~~
(.♣P~~~~ .~~ ♣.~#.
#(.~~~~ ~~♣...#. ##...~~
~P...#.P #.(...♣♣~♣~.
....... ###..........
P...F.. #...††# #......
#.P..@# ##..h.PP ##...†#
#.<...# #....# ##††.##
#..... .F..... #c.....
.?...... .(.......
......F.. ...........
..........
..(.....................
.#..........#...#.......


You could see Nessos (fast).

Vanquished Creatures
  Snorg (Lair:4)
  2 hydras
  3 catoblepae
  3 two-headed ogres
  Pikel (D:5)
  A cyclops (D:8)
  5 black mambas
  4 elephants (Lair:3)
  12 cane toads
  Maggie (D:9)
  2 komodo dragons
  A kobold demonologist (D:8)
  A rime drake (Lair:2)
  2 ice devils (Lair:4)
  3 trolls (D:8)
  5 polar bears
  9 blink frogs
  A slime creature (D:8)
  A jumping spider (Lair:2)
  Sigmund (D:6)
  A shadow (D:8)
  2 wraiths
  9 wyverns
  6 spriggans (Lair:1)
  28 yaks
  5 basilisks
  A redback (Lair:2)
  2 steam dragons
  4 vampire mosquitoes (Lair:3)
  Menkaure (D:5)
  An acid dragon (D:9)
  18 water moccasins
  8 orc warriors
  2 swamp drakes (Lair:3)
  2 ice beasts
  2 sky beasts
  4 black bears
  3 wolves (D:8)
  5 ogres
  A lemure (D:5)
  2 centaurs
  4 phantoms
  6 kobold brigands
  9 bullfrogs
  5 gnoll sergeants
  4 scorpions
  3 necrophages
  8 wights
  4 killer bees (D:8)
  An electric eel (D:6)
  3 howler monkeys
  2 lava snakes (D:8)
  5 orc priests
  A jelly (D:8)
  6 hounds
  An orc wizard (D:8)
  Natasha (thrice) (D:3)
  6 iguanas
  20 gnolls
  13 adders
  2 shadow imps
  An ufetubus (D:4)
  2 worms
  4 dart slugs
  31 orcs
  5 ball pythons
  11 endoplasms
  3 giant cockroaches
  9 hobgoblins
  8 jackals
  11 kobolds
  3 quokkas
  A bat (D:2)
  2 frilled lizards
  8 goblins
  6 rats
377 creatures vanquished.

Vanquished Creatures (others)
  14 fungi
  53 plants
67 creatures vanquished.

Grand Total: 444 creatures vanquished

Notes
Turn   | Place    | Note
-------+----------+-------------------------------------------
     0 | D:1      | billz999 the Troll Monk began the quest for the Orb.
     0 | D:1      | Reached XP level 1. HP: 22/22 MP: 0/0
    73 | D:1      | Reached XP level 2. HP: 24/29 MP: 1/1
   167 | D:1      | Found a faded altar of an unknown god.
   219 | D:1      | Reached skill level 4 in Unarmed Combat
   806 | D:1      | Reached XP level 3. HP: 36/36 MP: 2/2
  1303 | D:2      | Found Fairiddak's Assorted Antiques.
  1836 | D:3      | Found a shimmering blue altar of Sif Muna.
  1894 | D:3      | Reached skill level 5 in Unarmed Combat
  1894 | D:3      | Reached XP level 4. HP: 37/44 MP: 3/3
  1980 | D:3      | Found a basalt altar of Yredelemnul.
  1981 | D:3      | Found a broken altar of Ashenzari.
  1982 | D:3      | Found a sacrificial altar of Ru.
  1999 | D:3      | Noticed Natasha
  2005 | D:3      | Killed Natasha
  2020 | D:3      | Noticed a scorpion
  2025 | D:3      | Killed a scorpion
  2026 | D:3      | Reached skill level 6 in Unarmed Combat
  2026 | D:3      | Reached XP level 5. HP: 50/50 MP: 4/4
  2234 | D:3      | Noticed Natasha
  2242 | D:3      | Killed Natasha
  2503 | D:3      | Found a shimmering blue altar of Sif Muna.
  2509 | D:3      | Noticed Natasha
  2520 | D:3      | Killed Natasha
  2585 | D:3      | Found a basalt altar of Yredelemnul.
  2586 | D:3      | Found a broken altar of Ashenzari.
  2588 | D:3      | Found a sacrificial altar of Ru.
  2875 | D:3      | Found a shimmering blue altar of Sif Muna.
  3068 | D:3      | Found a basalt altar of Yredelemnul.
  3069 | D:3      | Found a broken altar of Ashenzari.
  3071 | D:3      | Found a sacrificial altar of Ru.
  3241 | D:4      | Noticed an ogre
  3278 | D:4      | Killed an ogre
  3279 | D:4      | Reached skill level 7 in Unarmed Combat
  3279 | D:4      | Reached XP level 6. HP: 59/59 MP: 5/5
  3367 | D:4      | Identified the ring "Ihuil" {Contam rF+ rC+ AC+4 SInv}
  3538 | D:4      | Reached skill level 8 in Unarmed Combat
  3630 | D:4      | Found a staircase to the Ecumenical Temple.
  3655 | Temple   | Entered the Ecumenical Temple
  3784 | Temple   | Became a worshipper of Warmaster Okawaru
  3784 | Temple   | Reached * piety under Okawaru
  3784 | Temple   | Reached ** piety under Okawaru
  3884 | D:4      | Reached XP level 7. HP: 66/66 MP: 6/6
  4013 | D:4      | Found a stormy altar of Qazlal.
  4014 | D:4      | Noticed a fire elemental
  4016 | D:4      | Noticed an air elemental
  4017 | D:4      | Noticed a water elemental
  4323 | D:4      | Found a glowing golden altar of the Shining One.
  4350 | D:5      | Entered Level 5 of the Dungeon
  4364 | D:5      | Reached skill level 1 in Invocations
  4486 | D:5      | Noticed Pikel
  4506 | D:5      | Killed Pikel
  4506 | D:5      | Reached *** piety under Okawaru
  4507 | D:5      | Reached skill level 10 in Unarmed Combat
  4507 | D:5      | Reached XP level 8. HP: 58/78 MP: 6/8
  4705 | D:5      | Noticed Menkaure
  4714 | D:5      | Killed Menkaure
  5002 | D:5      | Found a radiant altar of Vehumet.
  5002 | D:5      | Found a snail-covered altar of Cheibriados.
  5009 | D:5      | Reached **** piety under Okawaru
  5010 | D:5      | Reached skill level 11 in Unarmed Combat
  5036 | D:5      | Found an ornate altar of the Wu Jian Council.
  5079 | D:5      | Noticed a two-headed ogre
  5434 | D:6      | Reached skill level 12 in Unarmed Combat
  5486 | D:6      | Reached XP level 9. HP: 73/85 MP: 10/10
  5486 | D:6      | Noticed Sigmund
  5598 | D:6      | Reached ***** piety under Okawaru
  5703 | D:6      | Killed Sigmund
  5704 | D:6      | Reached skill level 5 in Fighting
  5758 | D:6      | Found a hazy altar of Hepliaklqana.
  5798 | D:6      | Reached skill level 13 in Unarmed Combat
  6336 | D:7      | Reached skill level 14 in Unarmed Combat
  6336 | D:7      | Reached skill level 5 in Invocations
  6495 | D:7      | Found Docunoge's Magic Scroll Boutique.
  6499 | D:7      | Bought a scroll of blinking for 97 gold pieces
  6499 | D:7      | Bought a scroll of blinking for 97 gold pieces
  6499 | D:7      | Bought a scroll of blinking for 97 gold pieces
  6499 | D:7      | Bought a scroll of blinking for 97 gold pieces
  6499 | D:7      | Bought a scroll of fear for 52 gold pieces
  6499 | D:7      | Bought a scroll of teleportation for 39 gold pieces
  6806 | D:8      | Reached skill level 15 in Unarmed Combat
  6807 | D:8      | Reached XP level 10. HP: 54/96 MP: 13/13
  6817 | D:8      | Received a gift from Okawaru
  7044 | D:8      | Noticed a two-headed ogre
  7051 | D:8      | Killed a two-headed ogre
  7052 | D:8      | Reached skill level 16 in Unarmed Combat
  7063 | D:8      | Noticed a smoke demon
  7173 | D:8      | Noticed a cyclops
  7184 | D:8      | Killed a cyclops
  7211 | D:8      | Received a gift from Okawaru
  7212 | D:8      | Reached skill level 17 in Unarmed Combat
  7212 | D:8      | Reached XP level 11. HP: 95/102 MP: 15/15
  7723 | D:8      | Found a staircase to the Lair.
  8597 | Lair:1   | Entered Level 1 of the Lair of Beasts
  8705 | Lair:1   | HP: 4/102 [spriggan/+0 rapier (13)]
  9116 | Lair:1   | Identified the +5 flail of the Muttering Saviour {freeze,
                  | rC+++ MP-9 Str+8 Stlth-} (Okawaru gifted it to you on level
                  | 1 of the Lair of Beasts)
  9116 | Lair:1   | Received a gift from Okawaru
  9426 | Lair:1   | Noticed a six-headed hydra
  9514 | Lair:1   | Reached skill level 18 in Unarmed Combat
  9775 | Lair:2   | Found a gate leading to a gauntlet.
 10381 | D:9      | Noticed Maggie
 10388 | D:9      | Killed Maggie
 10389 | D:9      | Reached skill level 1 in Throwing
 10412 | D:9      | Found a burning altar of Makhleb.
 10426 | D:9      | Noticed a two-headed ogre
 10431 | D:9      | Killed a two-headed ogre
 10431 | D:9      | Reached ****** piety under Okawaru
 10826 | D:9      | Found a staircase to the Orcish Mines.
 10934 | D:8      | Reached XP level 12. HP: 26/114 MP: 17/17
 11039 | D:9      | Found an opulent altar of Gozag.
 11044 | D:9      | Found a blossoming altar of Fedhas.
 11046 | D:9      | Found an ancient bone altar of Kikubaaqudgha.
 11690 | Lair:1   | HP: 4/114 [seven-headed hydra (9)]
 11690 | Lair:1   | HP: 1/114 [seven-headed hydra (2)]
 11697 | Lair:1   | Killed a seven-headed hydra
 11697 | Lair:1   | Received a gift from Okawaru
 12451 | Lair:2   | Received a gift from Okawaru
 12452 | Lair:2   | Reached skill level 5 in Throwing
 12511 | Lair:2   | Found a hole to the Spider Nest.
 12636 | Lair:2   | Noticed a catoblepas
 12644 | Lair:2   | Killed a catoblepas
 13239 | Lair:3   | Noticed a catoblepas
 13304 | Lair:3   | Killed a catoblepas
 13336 | Lair:3   | Identified the +3 robe of the Falcon {-Tele rN++} (Okawaru
                  | gifted it to you on level 3 of the Lair of Beasts)
 13336 | Lair:3   | Received a gift from Okawaru
 13393 | Lair:3   | Identified the +1 chain mail of the Planets {Harm rElec
                  | Str+6}
 13560 | Lair:3   | Noticed a catoblepas
 13567 | Lair:3   | Killed a catoblepas
 13858 | D:5      | Killed a two-headed ogre
 13859 | D:5      | Reached XP level 13. HP: 131/131 MP: 18/18
 13949 | D:2      | Bought a scintillating lapis lazuli ring for 115 gold
                  | pieces
 13949 | D:2      | Identified the ring of Wexteug {rF+ Str+2 Dex+6 Slay+2
                  | Stlth+} (You bought it in a shop on level 2 of the Dungeon)
 13949 | D:2      | Bought an embroidered cloak for 172 gold pieces
 13952 | D:2      | Gained mutation: You occasionally lose the ability to read
                  | scrolls when taking damage. [mutagenic glow]
 14241 | Lair:3   | Found a staircase to the Swamp.
 14485 | Lair:4   | Noticed Snorg
 14495 | Lair:4   | Killed Snorg
 14595 | Lair:3   | Identified a scroll of acquirement
 14600 | Lair:3   | Acquired a manual of Necromancy
 14634 | Lair:4   | Found a staircase to the Slime Pits.
 14636 | Lair:4   | Found a viscous altar of Jiyva.
 15197 | Lair:4   | Found the +4 moon troll leather armour {Spirit, Regen++
                  | MP+5}
 15625 | Lair:5   | Entered Level 5 of the Lair of Beasts
 15833 | Lair:5   | Received a gift from Okawaru
 15844 | Lair:5   | Reached skill level 10 in Fighting
 15867 | Lair:5   | Noticed Nessos
 15876 | Lair:5   | Shot with an arrow by Nessos

Illustrated notes

Levels and vault maps discovered:
D:1:      dpeg_arrival_erosion, layout_basic, hellmonk_ecumenical_altar_blasted,
          serial_co_window_serial, co_window_paths_b, co_window_paths_a,
          co_window_paths_a, co_window_paths_a, co_window_paths_a,
          co_window_broadway_a, co_window_broadway_b, co_window_paths_c,
          co_window_2corner, co_window_paths_c, glass_columns_a,
          glass_columns_a, glass_columns_b, glass_columns_a
D:2:      layout_basic, serial_shops, shop, minivault_14,
          dreamdust_mushroom_princess, minivault_4, nicolae_hexahallways,
          minmay_fractal_squares_gapless_5
D:3:      minmay_inner_zag, layout_rooms, nicolae_overflow_crystal_walls,
          chequers_temple_overflow_statue_of_worship, item_on_display_a,
          uniq_natasha
D:4:      layout_basic, nicolae_qazlal_style_of_elements, tso_altar,
          minmay_temple_entry_slanted, minmay_strange_pillars
D:5:      layout_basic, grunt_temple_overflow_open, uniq_pikel, uniq_menkaure
D:6:      layout_cave_pools, nicolae_hepliaklqana_hazy_memory,
          nicolae_water_bricks, uniq_sigmund
D:7:      layout_gridville, serial_shops, shop
D:8:      nzn_winding_woodlands_three_and_one
          [nzn_winding_woodlands_5x15_pockets,
          nzn_winding_woodlands_5x15_longhouse, nzn_winding_woodlands_5x15_pool,
          nzn_winding_woodlands_center_pierced_h], layout_basic,
          minmay_lair_entry_grove, kennysheep_dice
D:9:      layout_basic, kennysheep_mini_moat, minitemple,
          kennysheep_orc_monster_closet_entryway, uniq_maggie
Temple:   nicolae_temple_superstar
Lair:1:   kb_forest_paths, layout_regular_city, hangedman_lair_generics_rect
Lair:2:   layout_gridlike, spider_nest_entry_a, gauntlet_entry_generic
Lair:3:   layout_chaotic_city, swamp_mist, pond
Lair:4:   layout_regular_city, slime_entry_1, portal_ice_cave_demonic_guard,
          grunt_megastairs_2, uniq_snorg
Lair:5:   hellmonk_lair_end_abyssal_woods, layout_regular_city,
          chequers_serial_rivers_large_a, serial_bayou_lagoon_b,
          lemuel_fruit_tree, serial_bayou_shore_a, uniq_nessos

Skill      XL: |  1  2  3  4  5  6  7  8  9 10 11 12 13 |
---------------+----------------------------------------+-----
Unarmed Combat | 4 5 6 7 8 10 12 15 17 18 | 18.1
Invocations    | 2 3 5 7 8 |  8.7
Fighting       | 3 4 5 6 9 10 | 10.0
Throwing       | 3 7 9 |  9.2
Dodging        | |  2.4
Stealth        | |  1.0

Action                   |  1- 3 |  4- 6 |  7- 9 | 10-12 | 13-15 || total
-------------------------+-------+-------+-------+-------+-------++-------
Melee: Unarmed           |    93 |    83 |   207 |   425 |    95 ||   903
       Punch             |     2 |     5 |     8 |    52 |    14 ||    81
       Flail             |       |       |       |     7 |       ||     7
Throw: Large rock        |       |       |       |    16 |     5 ||    21
       Javelin           |       |       |       |     1 |     4 ||     5
Invok: Heroism           |       |       |     3 |    13 |     2 ||    18
       Finesse           |       |       |       |     4 |     3 ||     7
Evoke: Wand              |       |       |     2 |    21 |     2 ||    25
  Use: Potion            |       |       |       |     6 |     1 ||     7
       Scroll            |       |       |       |     7 |    15 ||    22
 Stab: Sleeping          |     8 |     6 |     5 |     4 |     3 ||    26
       Distracted        |       |       |       |     1 |       ||     1
       Confused          |       |       |       |     2 |       ||     2
Armor: Robe              |    18 |    14 |    64 |    65 |    24 ||   185
       Steam dragon scal |       |       |       |    73 |       ||    73
Dodge: Dodged            |    29 |    32 |   104 |   198 |    37 ||   400

Table legend: (Time is in decaauts)
 A = Elapsed time spent in this place.
 B = Non-inter-level travel time spent in this place.
 C = Inter-level travel time spent in this place.
 D = Time resting spent in this place.
 E = Time spent auto-exploring this place.
 F = Levels seen in this place.
 G = Mean time per level.
                   A        B        C        D        E       F      G
               +--------+--------+--------+--------+--------+-----+--------+
         Total |  15659 |  14254 |   1405 |    551 |  11306 |  15 | 1043.9 |
       Dungeon |   9847 |   9039 |    808 |    187 |   7259 |   9 | 1094.1 |
        Temple |    168 |    115 |     53 |      0 |    106 |   1 |  168.0 |
          Lair |   5643 |   5099 |    544 |    364 |   3940 |   5 | 1128.6 |
               +--------+--------+--------+--------+--------+-----+--------+

Top non-repeatable levels by time:
  Lair:1: 2450 daAuts
     D:8: 1998 daAuts
     D:3: 1461 daAuts
  Lair:4: 1097 daAuts
     D:4: 1029 daAuts
     D:9: 1023 daAuts
     D:2: 1007 daAuts
     D:5: 999 daAuts
  Lair:2: 991 daAuts
  Lair:3: 968 daAuts
     D:7: 871 daAuts
     D:1: 850 daAuts
     D:6: 605 daAuts
  Temple: 168 daAuts
  Lair:5: 135 daAuts
